 Dungeon Crawl Stone Soup version 0.29-a0-582-ge82337ba6a (webtiles) character file.

Game seed: 12236738339397326690

4217 croobank the Covert (level 10, -12/123 HPs)
             Began as a Gnoll Delver on June 14, 2022.
             Was an Initiate of Gozag.
             Mangled by a two-headed ogre
             ... wielding a +0 giant club
              (28 damage)
             ... on level 8 of the Dungeon.
             The game lasted 00:38:00 (9286 turns).

croobank the Covert (Gnoll Delver)                  Turns: 9286, Time: 00:38:01

Health: -12/123    AC: 12    Str: 13    XL:     10   Next: 30%
Magic:  17/17      EV: 14    Int: 16    God:    Gozag
Gold:   440        SH:  0    Dex: 19    Spells: 17/19 levels left

rFire   + . .      SeeInvis .   I - +0 broad axe
rCold   . . .      Faith    .   (no shield)
rNeg    . . .      Spirit   .   j - +3 ring mail {Will+}
rPois   .          Reflect  .   o - +1 helmet {Int+3}
rElec   .          Harm     .   (no cloak)
rCorr   .          Rampage  .   k - +0 pair of gloves
Will    +....                   (no boots)
Stlth   ..........              (no amulet)
HPRegen 0.30/turn               l - +6 ring of dexterity
MPRegen 0.15/turn               n - ring of protection from fire

@: mighty, berserking (expiring), gold aura, hasted, very quick
A: fangs 1, strong nose, distributed training
a: Renounce Religion, Potion Petition, Call Merchant, Bribe Branch


You were on level 8 of the Dungeon.
You worshipped Gozag.
Gozag was aware of your devotion.
You visited 2 branches of the dungeon, and saw 8 of its levels.
You also visited: Ossuary.

You collected 900 gold pieces.
You paid 460 gold pieces to Gozag.

Inventory:

Hand Weapons
 a - a +0 war axe
 b - a +0 hand crossbow of freezing
 d - a +0 trident
 e - a +0 falchion
 h - a +1 flail of protection
 i - a +0 dagger
 m - a +1 short sword of freezing
 s - a +1 dagger of speed
 v - a +1 vampiric dagger
 y - a +0 morningstar
 A - a +0 spear of venom
 B - a +0 flail of holy wrath
 I - a +0 broad axe (weapon)
 P - a +3 battleaxe
 Q - a +3 long sword
 R - a +3 short sword of flaming
Missiles
 f - 2 boomerangs (quivered)
 q - 17 poisoned darts
 G - 4 atropa-tipped darts
 S - 2 curare-tipped darts
 T - a throwing net
Armour
 j - a +3 ring mail of willpower (worn)
 k - a +0 pair of gloves (worn)
 o - a +1 helmet of intelligence (worn)
 p - a +0 chain mail
 D - a +0 leather armour
Jewellery
 l - a +6 ring of dexterity (left hand)
 n - a ring of protection from fire (right hand)
 w - a ring of magical power
 C - an amulet of faith
 V - a ring of resist corrosion
Wands
 g - a wand of digging (3)
Scrolls
 c - 3 scrolls of fog
 E - a scroll of noise
 H - a scroll of teleportation
 K - 2 scrolls of identify
 N - a scroll of magic mapping
 U - a scroll of amnesia
Potions
 r - a potion of cancellation
 t - 2 potions of attraction
 u - 4 potions of magic
 x - 4 potions of brilliance
 z - a potion of mutation
 F - 6 potions of curing
 M - 3 potions of haste


   Skills:
 + Level 8.4 Fighting
 + Level 5.1 Short Blades
 + Level 5.1 Long Blades
 + Level 7.0 Axes
 + Level 5.1 Maces & Flails
 + Level 5.1 Polearms
 + Level 5.1 Staves
 + Level 5.1 Slings
 + Level 5.1 Bows
 + Level 5.1 Crossbows
 + Level 5.1 Throwing
 + Level 5.1 Armour
 + Level 7.0 Dodging
 + Level 10.9 Stealth
 + Level 5.1 Shields
 + Level 5.1 Unarmed Combat
 + Level 5.1 Spellcasting
 + Level 4.2 Conjurations
 + Level 4.2 Hexes
 + Level 4.2 Summonings
 + Level 4.2 Necromancy
 + Level 4.2 Translocations
 + Level 4.2 Transmutations
 + Level 4.2 Fire Magic
 + Level 4.2 Ice Magic
 + Level 4.2 Air Magic
 + Level 4.2 Earth Magic
 + Level 4.2 Poison Magic
 + Level 5.6 Invocations
 + Level 5.1 Evocations


You had 17 spell levels left.
You knew the following spells:

 Your Spells              Type           Power      Damage    Failure   Level
a - Blink                 Tloc           34%        N/A       8%          2

Your spell library contained the following spells:

 Spells                   Type           Power      Damage    Failure   Level
 Lesser Beckoning         Tloc           17%        N/A       16%         3
 Manifold Assault         Tloc           17%        N/A       82%         5


Dungeon Overview and Level Annotations

Branches:
Dungeon (8/15)             Temple (1/1) D:4         Ossuary (visited)
   Lair: D:8-11

Altars:
Cheibriados
Dithmenos
Elyvilon
Gozag
Hepliaklqana
Kikubaaqudgha
Makhleb
Nemelex Xobeh
Okawaru
Sif Muna
Trog
Uskayaw
Wu Jian
Yredelemnul
Zin

Shops:
D:7 [

Annotations:
D:2 Sigmund
D:3 3 runed translucent doors, Zonian's ghost, amateur VSIE; arpsito's ghost, amateur MiFi


Innate Abilities, Weirdness & Mutations

You have very sharp teeth.
Your uncanny sense of smell can sniff out nearby items.
Your experience applies equally to all skills.


Message History

You slash the yak!
The yak is moderately wounded.
The yak gores you but does no damage.
You slash the yak!
The yak is heavily wounded.
The yak gores you but does no damage.
You barely miss the yak.
The yak is heavily wounded.
The yak gores you.
* * * LOW HITPOINT WARNING * * *
You barely miss the yak. You punch the yak!
The yak is almost dead.
You barely miss the yak.
The yak is almost dead.
The yak gores you!
* * * LOW HITPOINT WARNING * * *
You closely miss the yak.
The yak is almost dead.
The yak gores you but does no damage.
You hit the yak.
The yak is almost dead.
The yak gores you but does no damage.
Unknown command.
You barely miss the yak.
The yak is almost dead.
You feel less wooden.
Your +1 helmet of intelligence unmelds from your body.
Your +0 pair of gloves unmelds from your body.
Your +3 ring mail of willpower unmelds from your body.
You feel clever.
You feel strong-willed. The yak gores you!
* * * LOW HITPOINT WARNING * * *
You slice the yak!!
You kill the yak!
Your Axes skill increases to level 7!
Your Dodging skill increases to level 7!
You barely miss the two-headed ogre.
The two-headed ogre hits you with a +0 giant club!!
You die...
Your body crumbles into a pile of gold.

#### ###### ##.#.########
###......
#..#........###[...8.8.
##.#......##.@O.........
##.#.......#####.........
#..#.......# #.......#..
###.#........# #.......#
##.##........# #.......#
≈..###.......# #.YY....#
≈≈..###......# #.......#
≈≈..####....## #.......#
≈≈...# ##..## #####


You could see a two-headed ogre.

Vanquished Creatures
  Prince Ribbit (D:7)
  Grinder (D:3)
  A shadow (D:8)
  5 yaks (D:8)
  A steam dragon (D:6)
  Edmund (D:5)
  An ice beast (D:8)
  An orc warrior (D:5)
  2 black bears
  3 ogres (D:5)
  A centaur (D:6)
  A phantom (D:6)
  3 kobold brigands
  Blork the orc (D:5)
  3 necrophages
  5 bullfrogs
  5 scorpions
  4 wights (D:8)
  2 jellies
  A hound (D:6)
  A gnoll shaman (D:8)
  3 iguanas
  Jessica (D:3)
  4 orc wizards
  Terence (D:2)
  A mummy (Ossuary)
  7 gnolls
  6 adders
  2 shadow imps
  A white imp (D:8)
  2 ufetubi
  A worm (D:2)
  3 dart slugs
  23 orcs
  3 spectral bats (Ossuary)
  2 ball pythons
  A bat simulacrum (Ossuary)
  5 endoplasms
  2 giant cockroaches
  A goblin (D:2)
  3 hobgoblins
  22 kobolds
  2 quokkas
  4 frilled lizards
  12 gnoll zombies (Ossuary)
  5 goblin simulacra (Ossuary)
  2 goblin zombies (Ossuary)
  6 hobgoblin zombies (Ossuary)
  4 kobold simulacra (Ossuary)
  4 kobold zombies (Ossuary)
  6 orc zombies (Ossuary)
  3 rat simulacra (Ossuary)
  A rat zombie (D:7)
  4 spectral goblins (Ossuary)
  3 spectral kobolds (Ossuary)
  3 spectral rats (Ossuary)
197 creatures vanquished.

Vanquished Creatures (others)
  An orc wizard (D:8)
  6 withered plants (D:3)
7 creatures vanquished.

Grand Total: 204 creatures vanquished

Notes
Turn   | Place    | Note
-------+----------+-------------------------------------------
     0 | D:5      | Reached skill level 9 in Stealth
     0 | D:5      | croobank the Gnoll Delver began the quest for the Orb.
     0 | D:5      | Reached XP level 1. HP: 23/23 MP: 1/1
    61 | D:5      | Reached XP level 2. HP: 29/29 MP: 2/2
    75 | D:5      | Noticed Edmund
   121 | D:5      | Noticed Blork the orc
   145 | D:4      | Found a staircase to the Ecumenical Temple.
   155 | Temple   | Entered the Ecumenical Temple
   252 | D:4      | Noticed a scorpion
   331 | D:2      | Reached XP level 3. HP: 17/35 MP: 3/3
   667 | D:2      | Noticed Sigmund
   700 | D:2      | Reached skill level 1 in Invocations
   705 | D:2      | Noticed Terence
   735 | D:2      | Killed Terence
   736 | D:2      | Reached skill level 1 in Short Blades
   736 | D:2      | Reached skill level 1 in Long Blades
   736 | D:2      | Reached skill level 1 in Maces & Flails
   736 | D:2      | Reached skill level 1 in Polearms
   736 | D:2      | Reached skill level 1 in Staves
   736 | D:2      | Reached skill level 1 in Slings
   736 | D:2      | Reached skill level 1 in Bows
   736 | D:2      | Reached skill level 1 in Crossbows
   736 | D:2      | Reached skill level 1 in Throwing
   736 | D:2      | Reached skill level 1 in Armour
   736 | D:2      | Reached skill level 1 in Shields
   736 | D:2      | Reached skill level 1 in Unarmed Combat
   736 | D:2      | Reached skill level 1 in Spellcasting
   736 | D:2      | Reached skill level 1 in Evocations
   736 | D:2      | Reached XP level 4. HP: 18/41 MP: 5/5
   792 | D:3      | HP: 2/41 [orc/+0 falchion (4)]
   808 | D:3      | HP: 2/41 [orc/+0 club (1)]
  1265 | D:3      | Found an iron altar of Okawaru.
  1341 | D:3      | Found a runed translucent gate.
  1341 | D:3      | Found a runed translucent gate.
  1342 | D:3      | Found a runed translucent gate.
  1343 | D:3      | Noticed Zonian's ghost (amateur VSIE)
  1343 | D:3      | Noticed arpsito's ghost (amateur MiFi)
  1355 | D:3      | Noticed Grinder
  1371 | D:3      | Killed Grinder
  1372 | D:3      | Reached skill level 1 in Conjurations
  1372 | D:3      | Reached skill level 1 in Hexes
  1372 | D:3      | Reached skill level 1 in Summonings
  1372 | D:3      | Reached skill level 1 in Necromancy
  1372 | D:3      | Reached skill level 1 in Translocations
  1372 | D:3      | Reached skill level 1 in Transmutations
  1372 | D:3      | Reached skill level 1 in Fire Magic
  1372 | D:3      | Reached skill level 1 in Ice Magic
  1372 | D:3      | Reached skill level 1 in Air Magic
  1372 | D:3      | Reached skill level 1 in Earth Magic
  1372 | D:3      | Reached skill level 1 in Poison Magic
  1372 | D:3      | Reached XP level 5. HP: 32/47 MP: 5/7
  1372 | D:3      | Reached XP level 6. HP: 37/53 MP: 5/8
  1542 | D:3      | Noticed Jessica
  1553 | D:3      | Killed Jessica
  1554 | D:3      | Reached skill level 5 in Axes
  1554 | D:3      | Reached skill level 5 in Dodging
  1605 | D:3      | Learned a level 2 spell: Blink
  2141 | D:4      | Reached XP level 7. HP: 22/59 MP: 10/10
  2337 | D:4      | Found a hazy altar of Hepliaklqana.
  2811 | D:5      | Killed Blork the orc
  3492 | D:5      | Reached skill level 10 in Stealth
  3762 | D:5      | Found a glowing silver altar of Zin.
  4194 | D:5      | Reached XP level 8. HP: 43/67 MP: 12/12
  4959 | D:5      | Killed Edmund
  5424 | D:6      | Upgraded the game from 0.29-a0-577-gafbf2c5d25 to
                  | 0.29-a0-582-ge82337ba6a
  5763 | D:6      | Reached XP level 9. HP: 72/72 MP: 14/14
  6302 | D:6      | Found a snail-covered altar of Cheibriados.
  6855 | D:7      | Found Guvo's Antique Armour Boutique.
  6974 | Temple   | Became a worshipper of Gozag Ym Sagoz the Greedy
  7099 | D:7      | Identified the +5 short sword of the Screaming Goat
                  | {protect, rC++}
  7148 | D:7      | Noticed Prince Ribbit
  7155 | D:7      | Killed Prince Ribbit
  7346 | D:7      | Found an ancient bone altar of Kikubaaqudgha.
  7598 | D:8      | Found a sand-covered staircase.
  7602 | Ossuary  | Entered an ossuary
  8133 | D:8      | Reached skill level 5 in Invocations
  8577 | D:8      | Found a shimmering blue altar of Sif Muna.
  8655 | D:8      | Reached XP level 10. HP: 27/80 MP: 17/17
  9233 | D:8      | Reached skill level 5 in Short Blades
  9233 | D:8      | Reached skill level 5 in Long Blades
  9233 | D:8      | Reached skill level 5 in Maces & Flails
  9233 | D:8      | Reached skill level 5 in Polearms
  9233 | D:8      | Reached skill level 5 in Staves
  9233 | D:8      | Reached skill level 5 in Slings
  9233 | D:8      | Reached skill level 5 in Bows
  9233 | D:8      | Reached skill level 5 in Crossbows
  9233 | D:8      | Reached skill level 5 in Throwing
  9233 | D:8      | Reached skill level 5 in Armour
  9233 | D:8      | Reached skill level 5 in Shields
  9233 | D:8      | Reached skill level 5 in Unarmed Combat
  9233 | D:8      | Reached skill level 5 in Spellcasting
  9233 | D:8      | Reached skill level 5 in Evocations
  9263 | D:8      | Noticed a two-headed ogre
  9286 | D:8      | Mangled by a two-headed ogre

Illustrated notes

Levels and vault maps discovered:
D:2:      layout_basic, minmay_misc_feat_iff, uniq_sigmund, uniq_terence
D:3:      layout_basic, okawaru_gym_becter, gammafunk_ghost_cemetery,
          amcnicky_mini_corridor_feature, minmay_diced_spiral, uniq_jessica,
          uniq_grinder
D:4:      layout_basic, kennysheep_mini, minmay_temple_entry_mini_moons
D:5:      layout_basic, zin_statuary, uniq_blork_the_orc, uniq_edmund
D:6:      layout_basic, marbit_many_paths
D:7:      layout_cave_pools, lemuel_zombie_altar_kikubaaqudgha, serial_shops,
          shop, uniq_prince_ribbit1
D:8:      layout_cave_pods, tgw_sif, serial_column_ruins,
          column_ruins_square_small, column_ruins_grid_5,
          column_ruins_columns_dead_end, column_ruins_columns_corner,
          column_ruins_open_tiny_water, column_ruins_grid_1,
          column_ruins_open_medium_water, column_ruins_columns_dead_end,
          column_ruins_open_medium, enter_ossuary_5
Temple:   regret_index_temple_sphere_string

Skill      XL: |  1  2  3  4  5  6  7  8  9 10 |
---------------+-------------------------------+-----
Stealth        | 10 | 10.9
Invocations    | 1 2 3 4 5 |  5.6
Short Blades   | 1 2 3 4 5 |  5.1
Long Blades    | 1 2 3 4 5 |  5.1
Maces & Flails | 1 2 3 4 5 |  5.1
Polearms       | 1 2 3 4 5 |  5.1
Staves         | 1 2 3 4 5 |  5.1
Slings         | 1 2 3 4 5 |  5.1
Bows           | 1 2 3 4 5 |  5.1
Crossbows      | 1 2 3 4 5 |  5.1
Throwing       | 1 2 3 4 5 |  5.1
Armour         | 1 2 3 4 5 |  5.1
Shields        | 1 2 3 4 5 |  5.1
Unarmed Combat | 1 2 3 4 5 |  5.1
Spellcasting   | 1 2 3 4 5 |  5.1
Evocations     | 1 2 3 4 5 |  5.1
Conjurations   | 1 2 3 4 |  4.2
Hexes          | 1 2 3 4 |  4.2
Summonings     | 1 2 3 4 |  4.2
Necromancy     | 1 2 3 4 |  4.2
Translocations | 1 2 3 4 |  4.2
Transmutations | 1 2 3 4 |  4.2
Fire Magic     | 1 2 3 4 |  4.2
Ice Magic      | 1 2 3 4 |  4.2
Air Magic      | 1 2 3 4 |  4.2
Earth Magic    | 1 2 3 4 |  4.2
Poison Magic   | 1 2 3 4 |  4.2
Axes           | 5 6 7 |  7.0
Dodging        | 5 6 7 |  7.0
Fighting       | 7 8 |  8.4

Action                   |  1- 3 |  4- 6 |  7- 9 | 10-12 || total
-------------------------+-------+-------+-------+-------++-------
Melee: Hand axe          |    67 |    46 |       |       ||   113
       Punch             |     2 |     2 |    27 |     7 ||    38
       Bite              |    11 |    11 |    87 |     8 ||   117
       Flail             |       |    98 |   179 |       ||   277
       Dagger            |       |       |   298 |       ||   298
       Broad axe         |       |       |   187 |    81 ||   268
Throw: Dart              |       |     2 |    12 |       ||    14
       Boomerang         |       |       |     3 |       ||     3
Invok: Potion Petition   |       |       |       |     1 ||     1
  Use: Scroll            |     2 |     4 |     5 |     1 ||    12
       Potion            |     1 |     6 |       |     3 ||    10
 Stab: Sleeping          |     1 |     2 |    19 |       ||    22
       Distracted        |       |     1 |     4 |     3 ||     8
Armor: Ring mail         |    25 |    94 |   287 |    20 ||   426
       Leather armour    |     1 |       |       |       ||     1
       Skin              |       |    14 |       |    11 ||    25
Dodge: Dodged            |    30 |   101 |   464 |    36 ||   631

Table legend: (Time is in decaauts)
 A = Elapsed time spent in this place.
 B = Non-inter-level travel time spent in this place.
 C = Inter-level travel time spent in this place.
 D = Time resting spent in this place.
 E = Time spent auto-exploring this place.
 F = Levels seen in this place.
 G = Mean time per level.
                   A        B        C        D        E       F      G
               +--------+--------+--------+--------+--------+-----+--------+
         Total |   9372 |   9013 |    359 |   2356 |   4095 |   9 | 1041.3 |
       Dungeon |   8733 |   8420 |    313 |   2356 |   3846 |   7 | 1247.6 |
        Temple |    113 |     68 |     45 |      0 |     32 |   1 |  113.0 |
       Ossuary |    525 |    525 |      0 |      0 |    217 |   1 |  525.0 |
               +--------+--------+--------+--------+--------+-----+--------+

Top non-repeatable levels by time:
     D:5: 2416 daAuts
     D:6: 1309 daAuts
     D:8: 1282 daAuts
     D:4: 1215 daAuts
     D:3: 998 daAuts
     D:2: 812 daAuts
     D:7: 698 daAuts
 Ossuary: 525 daAuts
  Temple: 113 daAuts
